 Dungeon Crawl Stone Soup version 0.25-a0-635-g0c6c292ef3 (webtiles) character file.

Game seed: 10568619433364462875, levelgen mode: classic

77 EnegeticOcto the Skirmisher (level 4, -3/40 HPs)
             Began as a Draconian Fighter on Mar 20, 2020.
             Killed by nerve-wracking pain
             ... invoked by an orc priest
              (7 damage)
             ... on level 3 of the Dungeon.
             The game lasted 00:00:46 (1887 turns).

EnegeticOcto the Skirmisher (Draconian Fighter)     Turns: 1887, Time: 00:00:46

Health: -3/40      AC:  5    Str: 20    XL:     4   Next: 14%
Magic:  4/4        EV: 10    Int:  8    God:
Gold:   95         SH:  9    Dex: 10    Spells: 3/3 levels left

rFire    . . .     SeeInvis .   a - +0 war axe
rCold    . . .     Gourm    .   b - +0 kite shield
rNeg     . . .     Faith    .   (armour unavailable)
rPois    .         Spirit   .   (helmet restricted)
rElec    .         Reflect  .   (no cloak)
rCorr    .         Harm     .   (no gloves)
MR       .....                  (no boots)
Stlth    +.........             (no amulet)
HPRegen  0.13/turn              (no ring)
MPRegen  0.09/turn              (no ring)

@: no status effects
A: unfitting armour, cold-blooded, AC +5
a: no special abilities


You were on level 3 of the Dungeon.
You were very hungry.

You visited 1 branch of the dungeon, and saw 3 of its levels.

You collected 95 gold pieces.

Inventory:

Hand Weapons
 a - a +0 war axe (weapon)
Armour
 b - a +0 kite shield (worn)
Jewellery
 l - a +2 ring of dexterity {unknown}
Scrolls
 c - a scroll of random uselessness {unknown}
 d - 4 scrolls of identify {unknown}
 h - a scroll of blinking {unknown}
 i - 3 scrolls of teleportation {unknown}
 m - a scroll of remove curse {unknown}
 n - a scroll of magic mapping {unknown}
 q - a scroll of fog {unknown}
 s - a scroll of enchant armour {unknown}
Potions
 f - 2 potions of curing {unknown}
 g - 2 potions of brilliance {unknown}
 j - a potion of ambrosia {unknown}
 k - 2 potions of might {@q3}
 o - a potion of heal wounds {unknown}
 p - a potion of haste {unknown}
Comestibles
 e - 8 rations


   Skills:
 + Level 3.8 Fighting
 * Level 3.1 Axes
 + Level 3.1 Dodging
 + Level 3.4 Shields


You had 3 spell levels left.
You didn't know any spells.
Your spell library was empty.

Dungeon Overview and Level Annotations

Branches:
Dungeon (3/15)

Altars:
Gozag
Kikubaaqudgha


Innate Abilities, Weirdness & Mutations

Your plain brown scales are hard. (AC +5)
You cannot fit into any form of body armour.
You are cold-blooded and may be slowed by cold attacks.


Message History

A worm is nearby!
You hit the worm. You tail-slap the worm.
The worm is heavily wounded.
A goblin comes into view. It is wielding a +0 club.
The goblin shouts!
You slash the worm!
The worm is almost dead.
You block the worm's attack.
You hit the worm.
You kill the worm!
You barely miss the goblin.
The goblin hits you with a cursed +0 club. x2
You hit the goblin.
You kill the goblin!
No target in view!
No target in view!
No target in view!
No target in view!
No target in view!
All of the chunks of flesh in your inventory have rotted away.
You are feeling hungry.
There is an open door, spattered with blood here.
You see here a cursed +0 club.
Found a ring mail.
You see here a ring mail.
There is an open door, spattered with blood here.
You see here a cursed +0 club.
You are feeling very hungry.
An orc comes into view.
The orc shouts!
A rat comes into view.
You closely miss the orc.
You tail-slap the orc, but do no damage.
You block the orc's attack.
You barely miss the orc. You block the orc's attack.
You slash the orc!
You kill the orc!
You have reached level 4!
You feel stronger. You block the rat's attack.
A rat is nearby!
A rat is nearby!
You barely miss the rat. The rat bites you.
You closely miss the rat. You block the rat's attack.
The rat barely misses you.
You completely miss the rat. You tail-slap the rat.
You kill the rat!
No target in view!
No target in view!
Found 17 bolts.
An adder and an orc priest come into view.
The orc priest shouts!
There are monsters nearby!
There are monsters nearby!
The orc priest mumbles some strange prayers to Beogh against you.
Beogh smites you!
You barely miss the adder.
The orc priest calls down the wrath of Beogh upon you.
Beogh smites you! The adder bites you but does no damage. The adder bites you.
You are too injured to fight recklessly!
You are too injured to fight recklessly!
You are too injured to fight recklessly!
You are too injured to fight recklessly!
You are too injured to fight recklessly!
You are too injured to fight recklessly!
You are too injured to fight recklessly!
You are too injured to fight recklessly!
You are too injured to fight recklessly!
You are too injured to fight recklessly!
You hit the adder.
The adder is heavily wounded.
You block the adder's attack. The adder bites you but does no damage.
You slash the orc priest!
Your tail-slap misses the orc priest.
The orc priest is severely wounded.
You barely miss the adder.
The orc priest hits you with a +0 short sword.
The adder closely misses you. The orc priest completely misses you.
The adder bites you but does no damage.
You hit the orc priest but do no damage.
The orc priest is severely wounded.
You closely miss the adder. You block the adder's attack.
You block the orc priest's attack. The adder bites you.
* * * LOW HITPOINT WARNING * * *
You completely miss the orc priest.
The orc priest is severely wounded.
You slash the adder!
You kill the adder!
The orc priest closely misses you.
The orc priest hits you but does no damage.
You hit the orc priest.
Your tail-slap misses the orc priest.
The orc priest is almost dead.
The orc priest mumbles some strange prayers to Beogh against you.
Pain shoots through your body!
* * * LOW HITPOINT WARNING * * *
You completely miss the orc priest.
The orc priest is almost dead.
The orc priest barely misses you.
The orc priest invokes the aid of Beogh against you.
Pain shoots through your body!
You die...

#....# #....#
#....# . #..(.# ..#
#....# ....##....##
...........########
.......@..........#
..##..o.........#.#
#............#.#
#............#.#
#............#.#
#............#.#
#%.%.........#.#
#............#.#
#............#.#


You could see an orc priest.

Vanquished Creatures
  3 adders
  A worm (D:3)
  A dart slug (D:1)
  2 orcs (D:3)
  8 bats
  A giant cockroach (D:1)
  3 goblins
  8 hobgoblins
  7 kobolds
  A quokka (D:2)
  A frilled lizard (D:2)
  5 rats
41 creatures vanquished.

Notes
Turn   | Place    | Note
-------+----------+-------------------------------------------
     0 | D:1      | EnegeticOcto the Draconian Fighter began the quest for the
                  | Orb.
     0 | D:1      | Reached XP level 1. HP: 19/19 MP: 1/1
   100 | D:1      | Reached XP level 2. HP: 18/26 MP: 2/2
   779 | D:2      | Found an opulent altar of Gozag.
   929 | D:2      | Reached XP level 3. HP: 25/31 MP: 3/3
  1251 | D:2      | Found an ancient bone altar of Kikubaaqudgha.
  1862 | D:3      | Reached XP level 4. HP: 40/40 MP: 4/4
  1887 | D:3      | Killed from afar by an orc priest

Levels and vault maps discovered:
D:1:      giann_bridges, layout_loops_ring
D:2:      layout_basic, lemuel_crystal_altar, kiku_gazebo_pond_becter,
          first_ration, kennysheep_crisscross, corexii_leaking_fountain
D:3:      layout_basic

Skill      XL: |  1  2  3 |
---------------+----------+-----
Dodging        | 3 |  3.1
Axes           | 3 |  3.1
Fighting       | |  3.8
Shields        | |  3.4

Action                   |  1- 3 |  4- 6 || total
-------------------------+-------+-------++-------
Melee: War axe           |    94 |    10 ||   104
       Tailslap          |    11 |     1 ||    12
 Stab: Sleeping          |     1 |       ||     1
  Eat: Chunk             |     2 |       ||     2
Armor: Skin              |    39 |     4 ||    43
Dodge: Dodged            |    36 |     5 ||    41
Block: Kite shield       |    46 |     5 ||    51

Table legend:
 A = Non-vault XP
 B = Vault XP
 C = Vault XP percentage of total XP
 D = Non-vault monster count
 E = Vault monster count
 F = Vault count percentage of total count
                 A         B        C        D         E       F
            +---------+---------+-------+---------+---------+-------
      Total |     111 |       0 |   0.0 |      41 |       0 |   0.0
            +---------+---------+-------+---------+---------+-------
        D:1 |      33 |       0 |   0.0 |      18 |       0 |   0.0
        D:2 |      36 |       0 |   0.0 |      15 |       0 |   0.0
        D:3 |      42 |       0 |   0.0 |       8 |       0 |   0.0
            +---------+---------+-------+---------+---------+-------
